 Dungeon Crawl Stone Soup version 0.26.1-11-gd32895ea62 (webtiles) character file.

Game seed: 15511237039194333859

347 Eitelfritz the Slasher (level 6, -11/51 HPs)
             Began as a Minotaur Gladiator on Apr 18, 2021.
             Mangled by an ogre
             ... wielding a +0 giant club
              (25 damage)
             ... on level 4 of the Dungeon.
             The game lasted 00:06:41 (4250 turns).

Eitelfritz the Slasher (Minotaur Gladiator)         Turns: 4250, Time: 00:06:42

Health: -11/51     AC:  9    Str: 19    XL:     6   Next: 32%
Magic:  5/5        EV: 11    Int:  7    God:
Gold:   192        SH:  0    Dex: 11    Spells: 5/5 levels left

rFire    . . .     SeeInvis .   a - +0 long sword
rCold    . . .     Faith    .   (no shield)
rNeg     . . .     Spirit   .   y - +0 scale mail
rPois    .         Reflect  .   c - +0 hat
rElec    .         Harm     .   A - +0 cloak
rCorr    .         Rampage  .   u - +0 pair of gloves
Will     .....                  (no boots)
Stlth    ..........             (no amulet)
HPRegen  0.17/turn              (no ring)
MPRegen  0.09/turn              (no ring)

@: no status effects
A: retaliatory headbutt, horns 2
a: no special abilities


You were on level 4 of the Dungeon.
You visited 1 branch of the dungeon, and saw 4 of its levels.

You collected 192 gold pieces.

Inventory:

Hand Weapons
 a - a +0 long sword (weapon)
 b - a +0 arbalest
 t - a +1 hand axe of flaming
Missiles
 d - 3 throwing nets (quivered)
 r - 18 poisoned darts
 z - 23 bolts
Armour
 c - a +0 hat (worn)
 u - a +0 pair of gloves (worn)
 y - a +0 scale mail (worn)
 A - a +0 cloak (worn)
Jewellery
 l - an uncursed amulet of guardian spirit {unknown}
 q - an uncursed amulet of faith
Wands
 k - a wand of disintegration (10)
Scrolls
 f - 2 scrolls of enchant weapon {unknown}
 h - 6 scrolls of identify {unknown}
 j - 2 scrolls of amnesia {unknown}
 m - 5 scrolls of remove curse {unknown}
 o - 3 scrolls of teleportation {unknown}
 s - a scroll of magic mapping {unknown}
 v - a scroll of fog {unknown}
 w - a scroll of blinking {unknown}
Potions
 e - a potion of degeneration {unknown}
 g - a potion of curing
 i - a potion of might {unknown}
 n - 4 potions of heal wounds {unknown}
 p - a potion of attraction {unknown}
 x - a potion of flight {unknown}
 B - 2 potions of brilliance {unknown}


   Skills:
 + Level 3.5 Fighting
 + Level 6.2 Long Blades
 + Level 1.0 Crossbows
 + Level 2.2 Throwing
 + Level 3.0 Armour
 + Level 4.5 Dodging
 + Level 0.6 Stealth


You had 5 spell levels left.
You didn't know any spells.
Your spell library was empty.

Dungeon Overview and Level Annotations

Branches:
Dungeon (4/15)             Temple (0/1) D:4

Altars:
Cheibriados
Makhleb
Qazlal
Trog


Innate Abilities, Weirdness & Mutations

You reflexively headbutt those who attack you in melee.
You have a pair of horns on your head.


Message History

You shoot a bolt.
The bolt hits the ogre but does no damage.
The ogre hits you with a +0 giant club!
a - a +0 long sword (weapon)
You hit the ogre.
You headbutt the ogre, but do no damage.
The ogre is lightly wounded.
The ogre hits you with a +0 giant club!
You hit the ogre.
The ogre is lightly wounded.
The ogre hits you with a +0 giant club!
You completely miss the ogre.
The ogre is lightly wounded.
The ogre hits you with a +0 giant club!
* * * LOW HITPOINT WARNING * * *
You feel better.
You closely miss the ogre.
The ogre is lightly wounded.
The ogre hits you with a +0 giant club!!
You die...

.....#####....#####.##
............[....##..#
.....######..........#
.(...# #..........#
.....# #..........#
.....# ######.###.####
.....# #.# #....#
.##### #.# ####.# .#
#@######.# .#
#O#......# .#
.(#.###### .#
._.#.#....# .#
....#.##.#.# .#
.....#.#<.#.# ##
......#.#..#.#
.....#.#.#).#.#
#.####.#


You could see an ogre.

Vanquished Creatures
  2 orc priests
  An iguana (D:4)
  Ijyb (D:4)
  A worker ant (D:4)
  7 gnolls
  4 adders (D:4)
  2 oozes
  A worm (D:2)
  3 dart slugs
  A leopard gecko (D:1)
  9 orcs
  5 giant cockroaches
  11 goblins
  4 hobgoblins
  10 jackals
  2 ball pythons
  8 bats
  11 frilled lizards
  4 kobolds
  6 rats
93 creatures vanquished.

Notes
Turn   | Place    | Note
-------+----------+-------------------------------------------
     0 | D:1      | Eitelfritz the Minotaur Gladiator began the quest for the
                  | Orb.
     0 | D:1      | Reached XP level 1. HP: 18/18 MP: 0/0
   135 | D:1      | Reached XP level 2. HP: 25/25 MP: 1/1
   183 | D:1      | Reached skill level 4 in Long Blades
   353 | D:1      | Reached XP level 3. HP: 27/30 MP: 2/2
   736 | D:2      | Found a snail-covered altar of Cheibriados.
  1256 | D:2      | Reached skill level 1 in Armour
  1256 | D:2      | Reached XP level 4. HP: 26/37 MP: 3/3
  1653 | D:2      | Reached skill level 5 in Long Blades
  2185 | D:2      | Reached XP level 5. HP: 41/44 MP: 4/4
  3416 | D:3      | Noticed an air elemental
  3424 | D:3      | Noticed a fire elemental
  3426 | D:3      | Found a stormy altar of Qazlal.
  3427 | D:3      | Noticed a water elemental
  3775 | D:4      | Noticed Ijyb
  3806 | D:4      | Killed Ijyb
  3964 | D:4      | Reached skill level 6 in Long Blades
  3964 | D:4      | Reached XP level 6. HP: 51/51 MP: 5/5
  3976 | D:4      | Found a staircase to the Ecumenical Temple.
  4068 | D:4      | Found a burning altar of Makhleb.
  4227 | D:4      | Found a bloodstained altar of Trog.
  4241 | D:4      | Reached skill level 1 in Crossbows
  4250 | D:4      | Mangled by an ogre

Illustrated notes

Levels and vault maps discovered:
D:1:      dpeg_arrival_connections, layout_loops_ring
D:2:      minmay_spotlight, layout_loops_ring, lemuel_doored_altar
D:3:      layout_basic, nicolae_qazlal_style_of_elements,
          corexii_leaking_fountain, minivault_26
D:4:      layout_basic, bloody_trog, minmay_temple_entry_glass, bloody_makhleb,
          uniq_ijyb

Skill      XL: |  1  2  3  4  5  6 |
---------------+-------------------+-----
Long Blades    | 4 5 6 |  6.2
Dodging        | 4 |  4.5
Armour         | 1 2 3 |  3.0
Fighting       | 3 |  3.5
Crossbows      | 1 |  1.0
Throwing       | |  2.2
Stealth        | |  0.6

Action                   |  1- 3 |  4- 6 || total
-------------------------+-------+-------++-------
Melee: Long sword        |    55 |   115 ||   170
       Headbutt          |     9 |    26 ||    35
 Fire: Arbalest          |       |    13 ||    13
  Use: Potion            |       |     2 ||     2
 Stab: Sleeping          |     2 |       ||     2
Armor: Leather armour    |    13 |    10 ||    23
       Scale mail        |       |    19 ||    19
Dodge: Dodged            |    58 |    78 ||   136
       Rpst.: Long sword |    16 |    23 ||    39
